Map: Proxima Station LE

Players

TooDming

  • Race: Zerg Zerg
  • Spawn Location: 7:00

ShoWTimE - Winner!

  • Race: Protoss Protoss
  • Spawn Location: 1:00

Event: WCS Austin 2017

VOD

Have the link to the VOD?

Description

Time

  • Played on: April 28, 2017, 9 p.m.
  • Length: 5:32

All games in this series

Show
View Real Time Build Order
Export as new Build Order

TooDming Zerg 

Build Orders: Hatch First 

Get SALT Encoding   

  12  0:00  Drone  
  13  0:12  Overlord  
  13  0:16  Drone  
  14  0:30  Drone x2  
  14  0:35  Drone  
  17  0:51  Hatchery  
  17  0:55  Drone  
  17  0:58  Drone  
  18  1:09  Extractor  
  17  1:13  Spawning Pool  
  17  1:18  Drone  
  17  1:20  Drone  
  18  1:27  Drone  
  19  1:41  Drone  
  20  1:53  Drone  
  21  2:02  Queen  
  21  2:03  Queen  
  21  2:04  Zergling x4  
  27  2:09  Metabolic Boost  
  27  2:13  Zergling x2  
  28  2:17  Overlord  
  28  2:37  Zergling x8  
  32  2:44  Hatchery  
  31  2:54  Evolution Chamber  
  31  2:56  Drone x2  
  32  3:10  Zergling x4  
  32  3:11  Zergling x4  
  36  3:26  Overlord  
  36  3:43  Overlord  
  36  3:46  Zergling x16  
  44  4:07  Overlord  
  44  4:10  Queen  
  44  4:12  Zergling x10  
  51  4:19  Overlord  
  51  4:21  Spore Crawler  
  51  4:22  Drone x2  
  52  4:28  Drone x2  
  54  4:40  Zergling x14  
  54  4:41  Zergling x2  
  62  4:49  Overlord  
  62  4:51  Zergling x4  
  63  4:58  Zergling x4  
  61  5:03  Zergling x2  
  61  5:06  Zergling x2  
  61  5:07  Zergling x4  
  60  5:12  Zergling x2  
  60  5:13  Zergling x6  
  59  5:14  Zergling x2  
Show
View Real Time Build Order
Export as new Build Order

ShoWTimE Protoss - Winner!

Build Orders: 1 Gate Expand, Oracle Opening 

Get SALT Encoding   

  12  0:00  Probe (Chrono Boost)  
  13  0:11  Probe (Chrono Boost)  
  14  0:18  Pylon  
  14  0:24  Probe (Chrono Boost)  
  15  0:37  Probe (Chrono Boost)  
  15  0:40  Pylon  
  16  0:47  Probe (Chrono Boost)  
  17  0:53  Gateway  
  17  0:58  Probe (Chrono Boost)  
  17  1:00  Assimilator  
  18  1:08  Probe (Chrono Boost)  
  19  1:25  Nexus  
  19  1:29  Probe (Chrono Boost)  
  20  1:40  Cybernetics Core  
  20  1:42  Probe (Chrono Boost)  
  21  1:48  Assimilator  
  21  1:53  Probe (Chrono Boost)  
  22  1:57  Pylon  
  22  2:03  Probe (Chrono Boost)  
  22  2:06  Pylon  
  23  2:15  Adept  
  24  2:16  Probe (Chrono Boost)  
  24  2:21  Warp Gate  
  26  2:28  Probe (Chrono Boost)  
  27  2:39  Probe (Chrono Boost), Stargate  
  27  2:40  Probe (Chrono Boost)  
  27  2:43  Stalker  
  29  2:50  Probe (Chrono Boost)  
  32  2:55  Probe (Chrono Boost)  
  33  3:01  Probe (Chrono Boost)  
  34  3:07  Probe (Chrono Boost)  
  34  3:11  Probe (Chrono Boost)  
  36  3:12  Pylon  
  36  3:18  Probe (Chrono Boost)  
  36  3:19  Oracle  
  37  3:22  Probe (Chrono Boost)  
  41  3:30  Probe (Chrono Boost), Gateway  
  42  3:35  Gateway  
  42  3:37  Probe (Chrono Boost)  
  42  3:39  Adept  
  44  3:43  Probe (Chrono Boost)  
  47  3:49  Probe (Chrono Boost)  
  47  3:53  Pylon  
  47  3:55  Probe (Chrono Boost)  
  49  4:04  Mothership Core (Chrono Boost)  
  49  4:06  Void Ray  
  55  4:17  Assimilator  
  55  4:18  Probe (Chrono Boost)  
  55  4:19  Pylon  
  55  4:24  Probe (Chrono Boost)  
  55  4:29  Twilight Council  
  55  4:30  Probe (Chrono Boost)  
  57  4:36  Pylon  
  57  4:38  Adept x2  
  57  4:39  Adept  
  63  4:52  Pylon  
  63  4:54  Nexus  
  63  4:59  Adept  
  65  5:00  Adept  
  61  5:14  Adept  
  61  5:17  Probe (Chrono Boost)  
  61  5:18  Probe (Chrono Boost)  
  62  5:22  Adept x2  
Tags
 
Add a new tag
Caveats
  • Supply blocks, unpowered buildings, or Contaminate may cause inaccurate times.
  • Supply counts are checked every 10 seconds.